 Dungeon Crawl Stone Soup version 0.29-a0-356-g7bc237e783 (webtiles) character file.

Game seed: 17734299357865668899

25 Shayle the Sneak (level 3, -1/22 HPs)
             Began as a Tengu Brigand on Apr 26, 2022.
             Succumbed to an adder's poison
             ... on level 2 of the Dungeon.
             The game lasted 00:02:43 (1152 turns).

Shayle the Sneak (Tengu Brigand)                    Turns: 1152, Time: 00:02:44

Health: -1/22      AC:  3    Str: 11    XL:     3   Next: 6%
Magic:  4/4        EV: 12    Int: 13    God:
Gold:   27         SH:  0    Dex: 15    Spells: 2/2 levels left

rFire   . . .      SeeInvis .   a - +2 dagger
rCold   . . .      Faith    .   (no shield)
rNeg    . . .      Spirit   .   b - +0 robe
rPois   .          Reflect  .   (helmet restricted)
rElec   .          Harm     .   c - +0 cloak
rCorr   .          Rampage  .   (no gloves)
Will    .....                   (boots unavailable)
Stlth   +++.......              (no amulet)
HPRegen 0.07/turn               (no ring)
MPRegen 0.09/turn               (no ring)

@: lethally poisoned (-1 -> -14), hasted, very quick
A: beak, talons 3
a: no special abilities


You were on level 2 of the Dungeon.
You visited 1 branch of the dungeon, and saw 2 of its levels.

You collected 27 gold pieces.

Inventory:

Hand Weapons
 a - a +2 dagger (weapon)
Missiles
 d - 9 poisoned darts (quivered)
 e - 3 curare-tipped darts
Armour
 b - a +0 robe (worn)
 c - a +0 cloak (worn)
Scrolls
 f - 4 scrolls of identify {unknown}
 g - a scroll of amnesia {unknown}
 h - a scroll of magic mapping {unknown}
 i - 2 scrolls of enchant weapon {unknown}


   Skills:
 + Level 2.5 Fighting
 - Level 2.1 Short Blades
 - Level 2.0 Throwing
 + Level 2.0 Dodging
 + Level 4.3 Stealth


You had 2 spell levels left.
You didn't know any spells.
Your spell library was empty.

Dungeon Overview and Level Annotations

Branches:
Dungeon (2/15)

Altars:


Innate Abilities, Weirdness & Mutations

You have a beak for a mouth.
You have claws for feet.


Message History

You feel sick. The adder barely misses you.
You closely miss the adder. Your kick misses the adder.
Your peck misses the adder.
The adder is heavily wounded.
You feel sick. The adder bites you but does no damage.
You hit the adder but do no damage.
The adder is heavily wounded.
You feel sick. The adder bites you.
You are more poisoned.
The adder poisons you!
You miss the adder. Your peck misses the adder.
The adder is heavily wounded.
You feel sick. The adder closely misses you.
You closely miss the adder. Your kick misses the adder.
The adder is heavily wounded.
You feel sick. The adder misses you. The adder closely misses you.
You hit the adder. Your kick misses the adder.
The adder is severely wounded.
You feel sick. The adder misses you.
You closely miss the adder.
The adder is severely wounded.
You feel sick. The adder barely misses you.
You miss the adder.
The adder is severely wounded.
You feel sick. The adder bites you.
You are lethally poisoned!
The adder poisons you!
You hit the adder.
The adder is almost dead.
You feel sick. The adder bites you.
* * * LOW HITPOINT WARNING * * *
You are more poisoned.
The adder poisons you!
You closely miss the adder. You peck the adder, but do no damage.
The adder is almost dead.
* * * LOW HITPOINT WARNING * * *
You feel very sick. The adder closely misses you.
It was a potion of haste.
You feel yourself speed up.
You die...

# ## #.##. .#..
... .. #.
###.##.#####..#
.......<......#
#####.#@#.#..##
##.#S#.# #.#
r?#.. ...
.#...# ##.
#.#.## #. # .#
# #


You could see an adder and a rat.

Vanquished Creatures
  A worm (D:1)
  A dart slug (D:1)
  2 endoplasms (D:1)
  3 goblins (D:1)
  5 hobgoblins (D:1)
  A quokka (D:1)
  A ball python (D:1)
  A frilled lizard (D:1)
  3 kobolds (D:1)
18 creatures vanquished.

Notes
Turn   | Place    | Note
-------+----------+-------------------------------------------
     0 | D:1      | Shayle the Tengu Brigand began the quest for the Orb.
     0 | D:1      | Reached XP level 1. HP: 12/12 MP: 2/2
   426 | D:1      | Reached XP level 2. HP: 12/17 MP: 3/3
   931 | D:1      | Reached XP level 3. HP: 17/22 MP: 4/4
  1152 | D:2      | Succumbed to an adder's poison

Illustrated notes

Levels and vault maps discovered:
D:1:      eino_arrival_druids_welcome, layout_basic, st_stairs_4,
          nicolae_wormholes
D:2:      layout_loops_ring, hellmonk_ecumenical_altar_dog_temple,
          minmay_tiny_reverse_x

Skill      XL: |  1  2 |
---------------+-------+-----
Dodging        | 2 |  2.0
Fighting       | |  2.5
Short Blades   | |  2.1
Throwing       | |  2.0
Stealth        | |  4.3

Action                   || total
-------------------------++-------
Melee: Dagger            ||    54
       Kick              ||    15
       Peck              ||     8
       Punch             ||     1
  Use: Potion            ||     1
 Stab: Sleeping          ||     1
Armor: Robe              ||     3
Dodge: Dodged            ||    32

Table legend: (Time is in decaauts)
 A = Elapsed time spent in this place.
 B = Non-inter-level travel time spent in this place.
 C = Inter-level travel time spent in this place.
 D = Time resting spent in this place.
 E = Time spent auto-exploring this place.
 F = Levels seen in this place.
 G = Mean time per level.
                   A        B        C        D        E       F      G
               +--------+--------+--------+--------+--------+-----+--------+
         Total |   1146 |   1123 |     23 |     94 |    847 |   2 |  573.0 |
       Dungeon |   1146 |   1123 |     23 |     94 |    847 |   2 |  573.0 |
               +--------+--------+--------+--------+--------+-----+--------+

Top non-repeatable levels by time:
     D:1: 1135 daAuts
     D:2: 10 daAuts
